 Dungeon Crawl Stone Soup version 0.21-a0-155-gb8a8bae (webtiles) character file.

14411 qqqbard the Basher (level 11, -7/100 HPs)
             Began as a Deep Dwarf Fighter on Aug 3, 2017.
             Was an Elder of Makhleb.
             Mangled by a komodo dragon (12 damage)
             ... on level 11 of the Dungeon.
             The game lasted 00:36:54 (12593 turns).

qqqbard the Basher (Deep Dwarf Fighter)            Turns: 12593, Time: 00:36:55

Health: -7/100     AC: 22    Str: 28    XL:     11   Next: 88%
Magic:  0/0        EV: 12    Int: 10    God:    Makhleb [****..]
Gold:   558        SH: 12    Dex: 12    Spells: 21/21 levels left

rFire    . . .     SeeInvis .   Q - +1 morningstar (protect)
rCold    . . .     Gourm    .   c - +0 shield
rNeg     . . .     Faith    .   K - +0 plate armour
rPois    .         Spirit   .   (no helmet)
rElec    .         Reflect  .   P - +0 cloak
rCorr    .         Harm     .   (no gloves)
MR       +....     Clarity  +   (no boots)
Stlth    ..........             (no amulet)
HPRegen  0.00/turn              n - +4 ring of strength
MPRegen  0.07/turn              p - +2 ring of evasion

@: protection aura, non-regenerating
A: damage resistance, heal wounds, fangs 1, clarity, clever 1, sense
surroundings 2, evolution 1, no regeneration
a: Heal Wounds, Minor Destruction, Lesser Servant of Makhleb, Major Destruction,
Renounce Religion


You were on level 11 of the Dungeon.
You worshipped Makhleb.
Makhleb was greatly pleased with you.
You were not hungry.

You visited 2 branches of the dungeon, and saw 12 of its levels.
You also visited: Bailey.

You collected 558 gold pieces.

Inventory:

Hand Weapons
 a - a +0 flail
 C - a +1 whip of electrocution
 Q - a +1 morningstar of protection (weapon)
Armour
 c - a +0 shield (worn)
 K - a +0 plate armour (worn)
 P - a +0 cloak (worn)
Jewellery
 n - a +4 ring of strength (left hand)
 p - a +2 ring of evasion (right hand)
 t - an uncursed ring of poison resistance
 y - an uncursed ring of ice
Wands
 r - a wand of disintegration (14/24)
 v - a wand of polymorph (17/24)
 x - a wand of random effects (34/48)
 B - a wand of iceblast (9/15)
Scrolls
 b - 2 scrolls of fog
 h - 9 scrolls of identify
 i - 7 scrolls of remove curse
 k - a scroll of enchant weapon
 l - 3 scrolls of teleportation
 m - 3 scrolls of enchant armour {unknown}
 q - 2 scrolls of fear {unknown}
 s - a scroll of blinking {unknown}
 E - a scroll of noise {unknown}
 H - a scroll of silence {unknown}
 M - 2 scrolls of amnesia {unknown}
 N - 2 scrolls of recharging {unknown}
 V - a scroll of acquirement {unknown}
Potions
 d - 3 potions of agility {unknown}
 e - 4 potions of magic
 g - a potion of haste
 o - 6 potions of mutation
 u - a potion of heal wounds
 z - 2 potions of berserk rage {unknown}
 D - a potion of flight {unknown}
 F - a potion of ambrosia {unknown}
 G - a potion of brilliance
 J - a potion of invisibility {unknown}
 L - a potion of degeneration {unknown}
 O - a potion of experience {unknown}
 W - 2 potions of resistance {unknown}
Books
 w - a book of Necromancy

   Spells                             Type                      Level
   a - Pain                           Necromancy                   1
   b - Animate Skeleton               Necromancy                   1
   c - Vampiric Draining              Necromancy                   3
   d - Regeneration                   Charms/Necromancy            3
   e - Animate Dead                   Necromancy                   4
   f - Control Undead                 Necromancy                   4
 I - a book of Clouds

   Spells                             Type                      Level
   a - Poisonous Vapours              Poison/Air                   2
   b - Mephitic Cloud                 Conjuration/Poison/Air       3
   c - Conjure Flame                  Conjuration/Fire             3
   d - Freezing Cloud                 Conjuration/Ice/Air          6
   e - Ring of Flames                 Charms/Fire                  7
 S - a book of Maledictions

   Spells                             Type                      Level
   a - Corona                         Hexes                        1
   b - Ensorcelled Hibernation        Hexes/Ice                    2
   c - Confuse                        Hexes                        3
   d - Tukima's Dance                 Hexes                        3
   e - Dazzling Spray                 Conjuration/Hexes            3
 U - a book of Misfortune

   Spells                             Type                      Level
   a - Confusing Touch                Hexes                        1
   b - Confuse                        Hexes                        3
   c - Gell's Gravitas                Translocation                3
   d - Petrify                        Transmutation/Earth          4
   e - Metabolic Englaciation         Hexes/Ice                    5
   f - Yara's Violent Unravelling     Hexes/Transmutation          5
Miscellaneous
 T - a phial of floods
Comestibles
 f - 8 bread rations
 j - 9 chunks of flesh
 A - 6 royal jellies
 R - a meat ration


   Skills:
 + Level 7.3 Fighting
 * Level 10.6 Maces & Flails
 + Level 9.0 Armour
 + Level 8.1 Dodging
 + Level 8.7 Shields
 + Level 5.7 Spellcasting


You had 21 spell levels left.
You didn't know any spells.

Dungeon Overview and Level Annotations

Branches:
Dungeon (11/15)            Temple (1/1) D:4            Lair (0/6) D:9
    Orc (0/2) D:10

Altars:
Ashenzari
Cheibriados
Dithmenos
Elyvilon
Fedhas
Gozag
Hepliaklqana
Kikubaaqudgha
Makhleb
Nemelex Xobeh
Okawaru
Qazlal
Ru
Sif Muna
Trog
Uskayaw
Vehumet
Wu Jian
Xom
Yredelemnul
Zin
The Shining One

Shops:
D:5 =   D:6 *

Annotations:
D:11 1 runed door


Innate Abilities, Weirdness & Mutations

You are resistant to damage.
You can heal yourself by infusing magical energy.
You passively map the area around you.
You do not regenerate.
You have very sharp teeth.
You possess an exceptional clarity of mind.
Your mind is acute. (Int +2)
You evolve.


Message History

You block the orc's attack. The orc barely misses you.
The komodo dragon bites you but does no damage.
The orc warrior hits you with a morningstar.
You block the orc's attack.
The orc priest begins to cast a cantrip, but forgets the words!
You completely miss the orc warrior.
The orc warrior is almost dead.
You block the orc warrior's attack.
You thump the orc warrior!
You kill the orc warrior!
Makhleb accepts your kill.
You feel better. The komodo dragon bites you!
* * * LOW HITPOINT WARNING * * *
You bludgeon the komodo dragon!!
The komodo dragon is heavily wounded.
You block the komodo dragon's attack.
You hit the komodo dragon.
The komodo dragon is heavily wounded.
The komodo dragon bites you!
You die...

'...#...##########.#'#......## *
#...#................)..........,
#...#...#...'...######......... ,
#...#...#...#...#....#........#**
#...#)..#...#...#....'........#
#####...#...#...#....#........#
........#...#...##o..######...#
........#####...)loo......#...#
................@#oo......)o..#
.................#o.......#...#**
############.....#.....####......
# , #.....####### o..... #, ,
#...### * * ,,...... * ,#...* ,*
, ,...... ,,,'... , ** ...### ,
.#... , ,*, ...#3# * , , ,, * ,
** , * *


You could see a komodo dragon, an orc priest, an orc wizard and an orc.

Vanquished Creatures
  Harold (D:10)
  Erica (D:9)
  A two-headed ogre (D:10)
  A hydra (D:11)
  The ghost of Iamsock the Shield-Bearer, a novice FoFi of Trog (D:5)
  An unseen horror (D:10)
  An orc knight (Bailey)
  Pikel (D:5)
  2 ugly things (D:11)
  A cyclops (D:9)
  Maurice (D:9)
  Joseph (D:8)
  A gargoyle (D:11)
  A polar bear (shapeshifter) (D:11)
  A troll (D:11)
  The ghost of Iamsock the Chopper, an amateur DsBe of Trog (D:4)
  Grinder (D:3)
  2 hippogriffs (D:10)
  The ghost of agentgt the Ruffian, an amateur BaCK of Okawaru (D:3)
  Sigmund (D:5)
  A vampire (D:11)
  A hungry ghost (D:8)
  A steam dragon (D:10)
  A warg (D:10)
  Duvessa (D:5)
  A water moccasin (D:10)
  2 porcupines (D:9)
  7 orc warriors
  A sky beast (D:8)
  2 black bears
  A hornet zombie (D:8)
  2 phantoms
  2 ice beasts
  8 ogres
  A necrophage (D:6)
  12 centaurs
  A crocodile (D:11)
  A big kobold (D:9)
  4 bullfrogs
  Dowan (D:5)
  2 scorpions
  5 killer bees (D:8)
  6 crimson imps
  5 hounds
  6 orc priests
  2 bullfrog skeletons
  9 orc wizards
  A centaur skeleton (D:6)
  2 iguanas (D:10)
  2 worker ants
  A hound zombie (D:10)
  13 gnolls (Bailey)
  10 adders
  3 oozes
  An adder zombie (D:5)
  4 adder skeletons
  4 worms
  2 dart slugs
  8 leopard geckos
  40 orcs
  7 giant cockroaches
  14 goblins
  13 hobgoblins
  3 jackals (D:2)
  3 quokkas
  3 ball pythons (D:1)
  13 bats
  7 frilled lizards
  A jackal skeleton (D:6)
  24 kobolds
  A leopard gecko zombie (D:6)
  A quokka skeleton (D:4)
  8 rats
297 creatures vanquished.

Vanquished Creatures (others)
  A human (D:3)
  A hound (D:5)
  A bullfrog skeleton (D:5)
  A fungus (D:9)
  A plant (D:9)
5 creatures vanquished.

Grand Total: 302 creatures vanquished

Notes
Turn   | Place    | Note
-------+----------+-------------------------------------------
     0 | D:1      | qqqbard the Deep Dwarf Fighter began the quest for the Orb.
     0 | D:1      | Reached XP level 1. HP: 20/20 MP: 1/1
    33 | D:1      | Reached XP level 2. HP: 22/27 MP: 2/2
   312 | D:1      | Reached XP level 3. HP: 22/34 MP: 3/3
   579 | D:1      | Reached skill level 1 in Dodging
  1100 | D:2      | Reached XP level 4. HP: 19/42 MP: 4/4
  1474 | D:3      | Found a basalt altar of Yredelemnul.
  1475 | D:3      | Found an ornate altar of the Wu Jian Council.
  1479 | D:3      | Found a hazy altar of Hepliaklqana.
  1479 | D:3      | Found a shadowy altar of Dithmenos.
  1481 | D:3      | Found an iron altar of Okawaru.
  1481 | D:3      | Found a snail-covered altar of Cheibriados.
  1482 | D:3      | Found a white marble altar of Elyvilon.
  1514 | D:3      | Found an ancient bone altar of Kikubaaqudgha.
  1695 | D:3      | Noticed agentgt's ghost (amateur BaCK)
  1724 | D:3      | Killed agentgt's ghost
  1724 | D:3      | Reached skill level 3 in Maces & Flails
  1724 | D:3      | Reached skill level 1 in Spellcasting
  1724 | D:3      | Reached XP level 5. HP: 6/49 MP: 4/6
  1724 | D:3      | Reached XP level 6. HP: 7/56 MP: 4/7
  1801 | D:3      | Found a radiant altar of Vehumet.
  1816 | D:3      | Noticed Grinder
  1833 | D:3      | Killed Grinder
  1833 | D:3      | Reached skill level 4 in Maces & Flails
  2017 | D:3      | Noticed a human
  2018 | D:3      | Killed a human
  2199 | D:4      | Found a staircase to the Ecumenical Temple.
  2252 | D:4      | Reached XP level 7. HP: 16/63 MP: 8/8
  2298 | Temple   | Entered the Ecumenical Temple
  2439 | Temple   | Became a worshipper of Makhleb the Destroyer
  2552 | D:4      | Noticed Iamsock's ghost (amateur DsBe)
  2569 | D:4      | Killed Iamsock's ghost
  2645 | D:4      | Reached skill level 5 in Maces & Flails
  2999 | D:4      | Found a hide-covered altar of Uskayaw.
  3497 | D:5      | Entered Level 5 of the Dungeon
  3526 | D:5      | Noticed Sigmund
  3581 | D:4      | Reached skill level 5 in Armour
  3607 | D:4      | Reached XP level 8. HP: 32/72 MP: 9/9
  3617 | D:4      | Reached skill level 5 in Shields
  3644 | D:5      | Killed Sigmund
  3670 | D:5      | Reached * piety under Makhleb
  3790 | D:5      | Found Souto's Jewellery Boutique.
  3887 | D:5      | Reached skill level 6 in Maces & Flails
  3954 | D:5      | Noticed Pikel
  3991 | D:5      | Killed Pikel
  4021 | D:5      | Noticed Dowan
  4022 | D:5      | Noticed Duvessa
  4034 | D:5      | Killed Duvessa
  4043 | D:5      | Killed Dowan
  4043 | D:5      | Gained mutation: You passively map the area around you. [Deep Dwarf growth]
  4043 | D:5      | Reached XP level 9. HP: 65/80 MP: 9/9
  4152 | D:5      | Reached skill level 5 in Fighting
  4289 | D:5      | Noticed Iamsock's ghost (novice FoFi)
  4323 | D:5      | Killed Iamsock's ghost
  4323 | D:5      | Reached skill level 7 in Maces & Flails
  4323 | D:5      | Reached skill level 5 in Dodging
  4430 | D:5      | Found a stormy altar of Qazlal.
  4493 | D:6      | Found Anukuado's General Store.
  5541 | D:8      | Reached skill level 8 in Maces & Flails
  5600 | D:8      | Found a flagged portal.
  5605 | D:8      | Reached ** piety under Makhleb
  5622 | Bailey   | Entered a bailey
  5797 | Bailey   | Noticed an orc knight
  5818 | Bailey   | Killed an orc knight
  5818 | Bailey   | Reached XP level 10. HP: 57/91 MP: 12/12
  6336 | D:8      | Noticed Joseph
  6349 | D:8      | Killed Joseph
  6396 | D:8      | Reached *** piety under Makhleb
  6673 | D:9      | Noticed Maurice
  7395 | D:9      | Reached skill level 9 in Maces & Flails
  7653 | D:9      | Found a bloodstained altar of Trog.
  7702 | D:9      | Noticed Erica
  7724 | D:9      | Killed Erica
  8689 | D:9      | Found a staircase to the Lair.
 10072 | D:9      | Noticed a cyclops
 10091 | D:9      | Killed a cyclops
 10225 | D:9      | Killed Maurice
 10256 | D:10     | Entered Level 10 of the Dungeon
 10273 | D:10     | Reached XP level 11. HP: 68/99 MP: 10/10
 10340 | D:10     | Found a staircase to the Orcish Mines.
 10394 | D:10     | Noticed Harold
 10419 | D:10     | Killed Harold
 10419 | D:10     | Reached skill level 5 in Spellcasting
 10991 | D:10     | Reached **** piety under Makhleb
 11147 | D:10     | Killed an unseen horror
 11385 | D:10     | Reached skill level 10 in Maces & Flails
 11518 | D:10     | Noticed a two-headed ogre
 11526 | D:10     | Killed a two-headed ogre
 11645 | D:11     | Noticed a six-headed hydra
 11660 | D:11     | Killed a six-headed hydra
 11930 | D:11     | Noticed a brown ugly thing
 11950 | D:11     | Killed a brown ugly thing
 12009 | D:11     | Gained mutation: Your mind is acute. (Int +2) [potion of mutation]
 12009 | D:11     | Gained mutation: You have very sharp teeth. [potion of mutation]
 12009 | D:11     | Gained mutation: You evolve. [potion of mutation]
 12009 | D:11     | Gained mutation: You possess an exceptional clarity of mind. [potion of mutation]
 12030 | D:11     | Found a runed door.
 12030 | D:11     | Noticed an orb spider
 12040 | D:11     | an orb spider changed into a polar bear
 12140 | D:11     | Noticed a green ugly thing
 12150 | D:11     | HP: 4/100 [poisoned by a green ugly thing]
 12158 | D:11     | Killed a green ugly thing
 12549 | D:11     | Noticed a sixfirhy
 12591 | D:11     | HP: 5/100 [komodo dragon (12)]
 12593 | D:11     | Mangled by a komodo dragon

Vault maps used:
D:1:      minmay_arrival_up_and_down, serial_bayou_pond_c
D:2:      first_bread
D:3:      grunt_temple_overflow_open, vehumet_crystals, tgw_kikubaaqudgha,
          uniq_crazy_yiuf_cottage, uniq_grinder
D:4:      old_standard_altar, minmay_temple_entry_statues
D:5:      marbit_many_paths, serial_shops, shop, st_stairs_11, uniq_pikel,
          uniq_sigmund, uniq_duvessa
D:6:      serial_shops, shop
D:8:      enter_bailey_3, uniq_joseph
D:9:      nicolae_overflow_crystal_walls, grunt_lair_entry_orc_guard_hut,
          uniq_maurice, uniq_erica
D:10:     erik_orc_3, uniq_harold
D:11:     cheibrodos_shockbox, hangedman_pestilent_swarm, minivault_13
Temple:   jpeg_temple_clearing
Bailey:   bailey_axe_2, bailey

Skill      XL: |  1  2  3  4  5  6  7  8  9 10 11 |
---------------+----------------------------------+-----
Fighting       | 3 4 5 6 7 |  7.3
Dodging        | 1 2 3 4 5 7 8 |  8.1
Maces & Flails | 3 4 5 6 8 9 10 | 10.6
Armour         | 4 5 7 8 9 |  9.0
Shields        | 4 5 6 7 8 |  8.7
Spellcasting   | 1 2 3 4 5 |  5.7

Action                   |  1- 3 |  4- 6 |  7- 9 | 10-12 || total
-------------------------+-------+-------+-------+-------++-------
Melee: Flail             |   180 |   128 |   256 |       ||   564
       Whip              |       |       |   265 |   421 ||   686
       Morningstar       |       |       |       |   474 ||   474
       Bite              |       |       |       |    10 ||    10
Invok: Minor Destruction |       |       |       |    27 ||    27
       Major Destruction |       |       |       |     1 ||     1
 Abil: Heal Wounds       |       |     3 |    16 |    41 ||    60
  Use: Potion            |       |     1 |       |    10 ||    11
       Scroll            |       |       |     5 |     1 ||     6
  Eat: Chunk             |     1 |     4 |    13 |    14 ||    32
       Meat ration       |       |       |       |     2 ||     2
Armor: Scale mail        |   116 |    53 |   113 |       ||   282
       Plate armour      |       |       |    35 |   551 ||   586
Dodge: Dodged            |    76 |    43 |   175 |   256 ||   550
Block: Shield            |   144 |    69 |   270 |   488 ||   971
